 Seeded DCSS version 0.30-a0-715-gdb4ae3ece1 (webtiles) character file.

Game seed: 10612473497621459800 (custom seed)

43756 purpskrrrp the Brawler (level 13, -6/127 HPs)
             Began as a Troll Fighter on Jan 24, 2023.
             Was a High Priest of Makhleb.
             Mangled by a seven-headed hydra (13 damage)
             ... on level 14 of the Dungeon.
             The game lasted 00:31:11 (12914 turns).

purpskrrrp the Brawler (Troll Fighter)             Turns: 12914, Time: 00:31:12

Health: -6/127     AC:  9    Str: 37    XL:     13   Next: 92%
Magic:  17/17      EV: 14    Int:  4    God:    Makhleb [*****.]
Gold:   963        SH:  0    Dex:  9    Spells: 12/12 levels left

rFire   + . .      SeeInvis .    H - +4 giant club (chaos)
rCold   . . .      Faith    .    (shield currently unavailable)
rNeg    . . .      Spirit   .    E - +0 troll leather armour
rPois   .          Reflect  .    w - +2 hat of the Monkey {rF+}
rElec   .          Harm     .    A - +0 cloak
rCorr   .          Rampage  .    (gloves unavailable)
Will    .....                    (boots unavailable) Stlth
                                 (no amulet)
HPRegen 2.01/turn                d - +5 ring of evasion
MPRegen 0.15/turn                F - +6 ring of strength

@: confused, ambrosia-drunk
A: large, unfitting armour, claws 3, regeneration 1, shaggy fur 1, tough skin 1
a: Renounce Religion, Minor Destruction, Lesser Servant of Makhleb, Major
Destruction, Greater Servant of Makhleb


You were on level 14 of the Dungeon.
You worshipped Makhleb.
Makhleb was extremely pleased with you.
You visited 2 branches of the dungeon, and saw 15 of its levels.
You also visited: Gauntlet.

You collected 963 gold pieces.

Inventory:

Hand Weapons
 H - a +4 giant club of chaos (weapon)
Missiles
 o - 22 large rocks
 p - 30 poisoned darts
 y - 3 throwing nets
 L - 8 silver javelins
Armour
 a - a +0 robe
 b - a +2 kite shield
 w - the +2 hat of the Monkey (worn) {rF+}
   (You found it on level 6 of the Dungeon)

   rF:        It protects you from fire.
 A - a +0 cloak (worn)
 E - a +0 troll leather armour (worn)
Jewellery
 d - a +5 ring of evasion (left claw)
 i - a ring of fire
 l - a +6 ring of strength
 m - a +5 ring of evasion
 s - the ring of Umugh {*Corrode +Blink rPois rC+ Will++}
   (You found it on level 3 of the Dungeon)

   [ring of protection from cold]

   rC:        It protects you from cold.
   rPois:     It protects you from poison.
   +Blink:    It lets you blink.
   *Corrode:  It may corrode you when you take damage.
   Will:      It greatly increases your willpower.
 x - an amulet of guardian spirit
 D - a +5 ring of evasion
 F - a +6 ring of strength (right claw)
 I - a +6 ring of intelligence
 M - the ring of Tyady {Fly Dex+3 SInv}
   (You found it in a Gauntlet)

   [ring of see invisible]

   Dex:       It affects your dexterity (+3).
   SInv:      It lets you see invisible.
   Fly:       It grants you flight.
 R - an amulet of magic regeneration
Wands
 f - a wand of iceblast (6)
 n - a wand of flame (60)
 v - a wand of charming (18)
 N - a wand of mindburst (7)
Scrolls
 g - a scroll of amnesia
 h - 5 scrolls of teleportation
 u - 2 scrolls of fog
 C - a scroll of immolation
 K - 2 scrolls of butterflies
 O - a scroll of vulnerability
 S - 3 scrolls of identify
Potions
 c - a potion of might
 e - 6 potions of ambrosia
 j - 4 potions of degeneration
 k - 5 potions of attraction
 q - 3 potions of lignification
 t - 7 potions of curing
 z - 2 potions of brilliance
 J - 3 potions of flight
 P - a potion of magic


   Skills:
 + Level 7.7 Fighting
 + Level 5.6 Throwing
 - Level 2.4 Dodging
 + Level 8.3 Shields
 * Level 18.3 Unarmed Combat
 + Level 7.8 Invocations


You had 12 spell levels left.
You didn't know any spells.
Your spell library contained the following spells:

 Spells                   Type           Power      Damage    Failure   Level
 Magic Dart               Conj           0%         1d3       54%         1
 Sting                    Tmut/Pois      0%         1d3       54%         1
 Blink                    Tloc           0%         N/A       67%         2
 Call Imp                 Summ           0%         N/A       67%         2
 Ensorcelled Hibernation  Hex/Ice        0%         N/A       67%         2
 Lesser Beckoning         Tloc           0%         N/A       67%         2
 Momentum Strike          Conj/Tloc      0%         3d8       67%         2
 Passwall                 Tmut/Erth      0%         N/A       67%         2
 Dazzling Flash           Conj/Hex       0%         N/A       88%         3
 Hailstorm                Conj/Ice       0%         3d3       88%         3
 Inner Flame              Hex/Fire       0%         N/A       88%         3
 Mephitic Cloud           Conj/Pois/Air  0%         N/A       88%         3
 Stone Arrow              Conj/Erth      0%         3d7       88%         3
 Swiftness                Air            0%         N/A       88%         3
 Animate Armour           Summ/Erth      0%         N/A       99%         4
 Animate Dead             Necr           0%         N/A       99%         4
 Cause Fear               Hex            0%         N/A       99%         4
 Agony                    Necr           0%         N/A       100%        5
 Silence                  Hex/Air        0%         N/A       100%        5
 Yara's Violent Unravell  Hex/Tmut       0%         3d3       100%        5
 Haunt                    Necr/Summ      0%         N/A       100%        7
 Discord                  Hex            0%         N/A       100%        8
 Infestation              Necr           0%         N/A       100%        8
 Lehudib's Crystal Spear  Conj/Erth      0%         10d2      100%        8
 Fire Storm               Conj/Fire      0%         5d1       100%        9


Dungeon Overview and Level Annotations

Branches:
Dungeon (14/15)            Temple (1/1) D:4            Lair (0/5) D:11
    Orc (0/2) D:9          Vaults (0/5) D:14        Gauntlet (visited)

Altars:
Ashenzari
Cheibriados
Dithmenos
Elyvilon
Fedhas
Gozag
Hepliaklqana
Kikubaaqudgha
Makhleb
Nemelex Xobeh
Okawaru
Qazlal
Ru
Sif Muna
Trog
Uskayaw
Vehumet
Wu Jian
Xom
Yredelemnul
Zin
The Shining One

Shops:
D:2 (   D:4 **   D:10 (   D:12 *


Innate Abilities, Weirdness & Mutations

You are too large for most types of armour.
You have claws for hands.
Your natural rate of healing is unusually fast.
You are covered in fur. (AC +1)
You have tough skin. (AC +1)


Message History

The seven-headed hydra misses you.
The seven-headed hydra bites you but does no damage.
The seven-headed hydra barely misses you.
The seven-headed hydra misses you.
The seven-headed hydra barely misses you.
The seven-headed hydra bites you! x2
You finish taking off your +2 kite shield.
Your +4 giant club of chaos is briefly surrounded by a scintillating aura of random colours.
H - a +4 giant club of chaos (weapon)
You bludgeon the seven-headed hydra!!
You feel better.
The seven-headed hydra is moderately wounded.
The seven-headed hydra closely misses you.
The seven-headed hydra bites you but does no damage. x2
The seven-headed hydra bites you. The seven-headed hydra bites you!
The seven-headed hydra bites you but does no damage.
The seven-headed hydra bites you! The seven-headed hydra bites you.
The seven-headed hydra completely misses you.
The seven-headed hydra bites you! x2; The seven-headed hydra bites you.
The seven-headed hydra barely misses you. x2
You bludgeon the seven-headed hydra!! You burn the seven-headed hydra.
The seven-headed hydra is heavily wounded.
The seven-headed hydra bites you!
* * * LOW HITPOINT WARNING * * *
The seven-headed hydra bites you.
* * * LOW HITPOINT WARNING * * *
The seven-headed hydra bites you!
* * * LOW HITPOINT WARNING * * *
The seven-headed hydra misses you.
The seven-headed hydra completely misses you.
The seven-headed hydra bites you but does no damage.
The seven-headed hydra closely misses you.
Okay, then.
You are confused.
You feel invigorated. The seven-headed hydra bites you!
* * * LOW HITPOINT WARNING * * *
The seven-headed hydra bites you!
* * * LOW HITPOINT WARNING * * *
The seven-headed hydra bites you but does no damage. x2
The seven-headed hydra bites you!
You die...

....#...######
....#...##...##.......#
....#....#....#.......
....##..##....#......
.#'###..##....#.....
.#.......#....#....
.#......##..###...
.#..##..###'####D##
.#..##..##......@.#
.#..##..##........#
.#...#............#
.#...#..##..###'####
.#####..##..##.....##
.# #####<..#......# .#
#...#..~...# .#
....#....~.# .#
#....#..~~~.#


You could see a seven-headed hydra.

Vanquished Creatures
  Frances (D:14)
  Nessos (D:14)
  A minotaur (Gauntlet)
  Josephine (D:14)
  Erica (D:10)
  A catoblepas (D:14)
  7 two-headed ogres
  2 boulder beetles
  2 centaur warriors (D:12)
  6 death yaks (D:11)
  4 skeletal warriors (D:13)
  A flayed ghost (D:9)
  A deep elf pyromancer (D:14)
  A harpy (shapeshifter) (D:14)
  5 cyclopes
  7 ugly things
  A manticore (D:12)
  A salamander (shapeshifter) (D:12)
  A guardian serpent (shapeshifter) (D:14)
  An unseen horror (D:13)
  A yaktaur (shapeshifter) (D:13)
  2 kobold demonologists (D:12)
  2 komodo dragons (D:12)
  Psyche (D:10)
  2 efreet (D:13)
  A tengu conjurer (D:13)
  An ice devil (Gauntlet)
  2 trolls (D:9)
  4 meliai
  A wind drake (shapeshifter) (D:12)
  A queen bee (Gauntlet)
  A polar bear (shapeshifter) (D:13)
  Prince Ribbit (D:5)
  14 slime creatures
  21 yaks
  A shadow (D:9)
  A wyvern (D:8)
  13 wraiths
  A ynoxinul (D:9)
  17 fire bats (D:9)
  Grum (D:9)
  4 steam dragons
  3 vampire mosquitoes (D:13)
  Edmund (D:4)
  An acid dragon (D:14)
  A water moccasin (D:9)
  2 orc warriors
  A sky beast (D:8)
  2 wolves (D:9)
  A boggart (D:13)
  2 ogres
  4 centaurs
  3 kobold brigands
  4 phantoms
  5 bullfrogs
  3 necrophages (D:6)
  6 scorpions
  A gnoll sergeant (D:12)
  20 killer bees
  2 electric eels (D:8)
  7 howler monkeys
  3 hounds (D:5)
  3 gnoll boudas
  3 iguanas
  8 orc wizards
  4 adders
  24 gnolls
  2 shadow imps (D:6)
  6 white imps
  An ufetubus (D:6)
  A dart slug (D:4)
  16 orcs
  6 ball pythons
  2 endoplasms (D:3)
  4 giant cockroaches
  3 goblins
  2 hobgoblins (D:3)
  6 jackals
  4 quokkas
  60 bats
  3 frilled lizards
  15 kobolds
  2 rats
386 creatures vanquished.

Vanquished Creatures (others)
  A slime creature (D:14)
1 creature vanquished.

Grand Total: 387 creatures vanquished

Notes
Turn   | Place    | Note
-------+----------+-------------------------------------------
     0 | D:1      | purpskrrrp the Troll Fighter began the quest for the Orb.
     0 | D:1      | Reached XP level 1. HP: 22/22 MP: 0/0
   655 | D:2      | Found Cuonynum's Antique Weapon Emporium.
   674 | D:2      | Reached XP level 2. HP: 29/29 MP: 1/1
   905 | D:2      | Reached skill level 3 in Unarmed Combat
  1288 | D:3      | Identified the ring of Umugh {*Corrode +Blink rPois rC+
                  | Will++}
  1360 | D:3      | Reached XP level 3. HP: 36/36 MP: 2/2
  1367 | D:3      | Reached skill level 4 in Unarmed Combat
  1445 | D:3      | Reached XP level 4. HP: 38/44 MP: 3/3
  2014 | D:4      | Reached skill level 5 in Unarmed Combat
  2031 | D:4      | Noticed a scorpion
  2032 | D:4      | Noticed a phantom
  2046 | D:4      | Killed a scorpion
  2047 | D:4      | Reached XP level 5. HP: 40/50 MP: 4/4
  2052 | D:4      | Killed a phantom
  2053 | D:4      | Reached skill level 6 in Unarmed Combat
  2094 | D:4      | Noticed Edmund
  2095 | D:4      | Found Pobloesh's Elemental Accessories.
  2103 | D:4      | Killed Edmund
  2104 | D:4      | Reached skill level 7 in Unarmed Combat
  2104 | D:4      | Reached XP level 6. HP: 22/59 MP: 5/5
  2284 | D:4      | Identified the +4 rapier "Esucsaobb" {heavy, Dex+4 Stlth+}
  2509 | D:4      | Reached XP level 7. HP: 66/66 MP: 6/6
  2525 | D:4      | Found Hejeruips's General Store.
  2585 | D:4      | Found a staircase to the Ecumenical Temple.
  2613 | D:4      | Reached skill level 8 in Unarmed Combat
  2672 | Temple   | Entered the Ecumenical Temple
  2814 | Temple   | Became a worshipper of Makhleb the Destroyer
  2874 | D:5      | Entered Level 5 of the Dungeon
  2939 | D:5      | Reached skill level 9 in Unarmed Combat
  3039 | D:5      | Noticed Prince Ribbit
  3050 | D:5      | Killed Prince Ribbit
  3051 | D:5      | Reached XP level 8. HP: 49/74 MP: 7/7
  3053 | D:5      | Reached skill level 10 in Unarmed Combat
  3525 | D:6      | Found an iron altar of Okawaru.
  3806 | D:6      | Identified the +2 hat of the Monkey {rF+}
  3871 | D:6      | Reached * piety under Makhleb
  3935 | D:6      | Reached skill level 11 in Unarmed Combat
  4435 | D:7      | Reached XP level 9. HP: 79/80 MP: 8/8
  4493 | D:7      | Reached skill level 12 in Unarmed Combat
  4790 | D:8      | Reached skill level 13 in Unarmed Combat
  5078 | D:8      | Found a blossoming altar of Fedhas.
  5079 | D:8      | Found an ancient bone altar of Kikubaaqudgha.
  5079 | D:8      | Found a shimmering altar of Xom.
  5079 | D:8      | Found a sacrificial altar of Ru.
  5080 | D:8      | Found a hazy altar of Hepliaklqana.
  5080 | D:8      | Found a stormy altar of Qazlal.
  5081 | D:8      | Found an opulent altar of Gozag.
  5081 | D:8      | Found an ornate altar of the Wu Jian Council.
  5081 | D:8      | Found a sparkling altar of Nemelex Xobeh.
  5083 | D:8      | Found a snail-covered altar of Cheibriados.
  5083 | D:8      | Found a glowing golden altar of the Shining One.
  5083 | D:8      | Found a basalt altar of Yredelemnul.
  5083 | D:8      | Noticed a two-headed ogre
  5092 | D:8      | Killed a two-headed ogre
  5092 | D:8      | Reached ** piety under Makhleb
  5093 | D:8      | Reached skill level 14 in Unarmed Combat
  5244 | D:8      | Reached XP level 10. HP: 56/88 MP: 9/9
  5801 | D:9      | Reached skill level 1 in Invocations
  5999 | D:9      | Noticed Grum
  6014 | D:9      | Killed Grum
  6050 | D:9      | Found a staircase to the Orcish Mines.
  6100 | D:9      | Noticed a white ugly thing
  6105 | D:9      | Killed a white ugly thing
  6316 | D:9      | Reached skill level 15 in Unarmed Combat
  6384 | D:9      | Found a shimmering blue altar of Sif Muna.
  6408 | D:9      | Got Sif Muna's Thoughts on the Vehement Body
  6413 | D:9      | Found a bloodstained altar of Trog.
  6751 | D:9      | Reached *** piety under Makhleb
  6828 | D:9      | Found a broken altar of Ashenzari.
  6839 | D:9      | Found a runed translucent door.
  6853 | D:9      | Reached XP level 11. HP: 100/100 MP: 12/12
  6889 | D:9      | Found a shadowy altar of Dithmenos.
  6890 | D:9      | Reached **** piety under Makhleb
  6952 | D:9      | Found an ancient bone altar of Kikubaaqudgha.
  6993 | D:9      | Found a hide-covered altar of Uskayaw.
  7027 | D:9      | Found a shimmering blue altar of Sif Muna.
  7034 | D:9      | Found a stormy altar of Qazlal.
  7150 | D:9      | Noticed a flayed ghost
  7161 | D:9      | Killed a flayed ghost
  7162 | D:9      | Reached skill level 5 in Shields
  7167 | D:9      | Identified the +3 scimitar "Covvul" {flame, Dex+3}
  7212 | D:10     | Entered Level 10 of the Dungeon
  7307 | D:10     | Noticed a two-headed ogre
  7308 | D:10     | Noticed Erica
  7324 | D:10     | Killed a two-headed ogre
  7324 | D:10     | Killed Erica
  7325 | D:10     | Reached skill level 16 in Unarmed Combat
  7425 | D:10     | Found Oczedgheu's Weapon Shoppe.
  7428 | D:10     | Reached skill level 5 in Fighting
  7782 | D:10     | Noticed Psyche
  7782 | D:10     | Noticed a two-headed ogre
  7785 | D:10     | Killed Psyche
  7785 | D:10     | Killed a two-headed ogre
  7786 | D:10     | Reached skill level 5 in Invocations
  7863 | D:11     | Found a gate leading to a gauntlet.
  7877 | Gauntlet | Entered a Gauntlet
  7877 | Gauntlet | Found a transporter.
  7877 | Gauntlet | Found a transporter.
  7882 | Gauntlet | Found a transporter.
  7883 | Gauntlet | Found the dreamshard necklace {*Dream Drain}
  7897 | Gauntlet | Found a transporter.
  7899 | Gauntlet | Found a large runed translucent door.
  7900 | Gauntlet | Found a large runed translucent door.
  7901 | Gauntlet | Found a large runed translucent door.
  7901 | Gauntlet | Found a large runed translucent door.
  7913 | Gauntlet | Found a transporter.
  7924 | Gauntlet | Found a transporter.
  7940 | Gauntlet | Found a transporter.
  7951 | Gauntlet | Noticed a necromancer
  7954 | Gauntlet | Found a large runed translucent door.
  8006 | Gauntlet | Found a transporter.
  8021 | Gauntlet | Found a transporter.
  8043 | Gauntlet | Found a transporter.
  8050 | Gauntlet | Found a transporter.
  8056 | Gauntlet | Noticed a wolf spider
  8066 | Gauntlet | Found a transporter.
  8077 | Gauntlet | Noticed an entropy weaver
  8133 | Gauntlet | Found a transporter.
  8135 | Gauntlet | Found a large runed translucent door.
  8136 | Gauntlet | Found a large runed translucent door.
  8137 | Gauntlet | Found a large runed translucent door.
  8137 | Gauntlet | Found a large runed translucent door.
  8137 | Gauntlet | Found a runed translucent door.
  8138 | Gauntlet | Found a large runed translucent door.
  8139 | Gauntlet | Found a large runed translucent door.
  8140 | Gauntlet | Found a large runed translucent door.
  8140 | Gauntlet | Found a large runed translucent door.
  8141 | Gauntlet | Found a runed translucent gate.
  8146 | Gauntlet | Noticed a tengu warrior
  8148 | Gauntlet | Found a transporter.
  8177 | Gauntlet | Found a transporter.
  8179 | Gauntlet | Found a runed translucent gate.
  8179 | Gauntlet | Found a runed translucent gate.
  8181 | Gauntlet | Found a large runed translucent door.
  8183 | Gauntlet | Found a runed translucent door.
  8187 | Gauntlet | Found a transporter.
  8194 | Gauntlet | Found a large runed translucent door.
  8214 | Gauntlet | Reached ***** piety under Makhleb
  8250 | Gauntlet | Found a large runed translucent door.
  8324 | Gauntlet | Reached skill level 1 in Throwing
  8365 | Gauntlet | Identified the ring of Tyady {Fly Dex+3 SInv}
  8395 | Gauntlet | Identified the +8 spear of Boulaas {antimagic, +Blink rElec
                  | rN++ Str-4}
  8395 | Gauntlet | Noticed a minotaur
  8417 | Gauntlet | Killed a minotaur
  8418 | Gauntlet | Reached XP level 12. HP: 83/111 MP: 0/15
  8547 | Gauntlet | Got Xeoppir's Papyrus of the Flashy Fair Folk
  8623 | D:11     | Noticed a death yak
  8625 | D:11     | Found a staircase to the Lair.
  8625 | D:11     | Noticed a death yak
  8625 | D:11     | Noticed a death yak
  8625 | D:11     | Noticed a death yak
  8626 | D:11     | Noticed a death yak
  8626 | D:11     | Noticed a death yak
  8630 | D:11     | Killed a death yak
  8637 | D:11     | Killed a death yak
  8993 | D:11     | Killed a death yak
  9000 | D:11     | Killed a death yak
  9008 | D:11     | Killed a death yak
  9017 | D:11     | Killed a death yak
  9018 | D:11     | Reached skill level 17 in Unarmed Combat
  9205 | D:11     | Noticed a two-headed ogre
  9211 | D:11     | Killed a two-headed ogre
  9224 | D:11     | Noticed a two-headed ogre
  9229 | D:11     | Killed a two-headed ogre
  9367 | D:11     | Noticed a boulder beetle
  9379 | D:11     | Killed a boulder beetle
  9990 | D:12     | Found Qazet's Assorted Antiques.
 10662 | D:12     | HP: 3/115 [ice devil[a kobold demonologist] (17)]
 10997 | D:13     | Noticed a centaur warrior
 10997 | D:13     | Noticed a two-headed ogre
 11004 | D:12     | Killed a two-headed ogre
 11005 | D:12     | Reached XP level 13. HP: 110/123 MP: 15/17
 12284 | D:14     | Noticed Josephine
 12296 | D:14     | Killed Josephine
 12297 | D:14     | Reached skill level 5 in Throwing
 12300 | D:14     | Reached skill level 18 in Unarmed Combat
 12335 | D:14     | Noticed Nessos
 12629 | D:14     | Noticed Frances
 12646 | D:14     | Killed Frances
 12760 | D:14     | Found a gate to the Vaults.
 12804 | D:14     | Killed Nessos
 12914 | D:14     | Mangled by a seven-headed hydra

Illustrated notes

Levels and vault maps discovered:
D:1:      co_arrival_random_square_maze, layout_basic
D:2:      layout_basic, serial_shops, nicolae_shop_crystal
D:3:      layout_basic
D:4:      layout_rooms, minmay_temple_entry_enclosed_plants, serial_shops,
          nicolae_square_shop, hex_intersection, nicolae_elemental_shop,
          lightli_corner_chamber, uniq_edmund
D:5:      layout_rooms, hangedman_abyss_or_decor_stagger, dk_rats_in_the_wall,
          uniq_prince_ribbit1
D:6:      layout_cave_pods, okawaru_gym_becter, serial_demonic,
          serial_demonic_d, serial_demonic_f, serial_demonic_c, serial_demonic_a
D:7:      layout_gridville, grunt_ministairs_9, grunt_decor_cap
D:8:      layout_loops_ring, nicolae_overflows_in_rows, kennysheep_boxes
D:9:      due_megacathedral, layout_basic,
          nzn_overflow_gifts_of_might_and_magic, uniq_grum
D:10:     layout_rooms, serial_shops, nicolae_shop_bloodbath_and_beyond,
          minmay_misc_feat_roman, serial_park_tiny_1, minmay_misc_feat_square,
          grunt_ogre_cave, uniq_erica, uniq_psyche
D:11:     layout_gridville, dpeg_lair_monsters, gauntlet_entry_generic,
          minmay_microvault
D:12:     gammafunk_indiana_jones, layout_layer_cave, serial_shops, shop
D:13:     hangedman_arrow_trap, layout_layer_cave
D:14:     layout_gridville, david_vaults_2,
          hangedman_abyss_or_decor_lesser_grid, chequers_serial_rivers_micro_c,
          uniq_nessos, uniq_frances, uniq_josephine
Temple:   hellmonk_temple_beads

Skill      XL: |  1  2  3  4  5  6  7  8  9 10 11 12 13 |
---------------+----------------------------------------+-----
Unarmed Combat | 3 4 5 7 9 11 14 15 16 17 18 | 18.3
Shields        | 4 6 7 8 |  8.3
Invocations    | 3 5 6 7 |  7.8
Fighting       | 4 5 6 7 |  7.7
Throwing       | 1 4 5 |  5.6
Dodging        | |  2.4

Action                     |  1- 3 |  4- 6 |  7- 9 | 10-12 | 13-15 || total
---------------------------+-------+-------+-------+-------+-------++-------
  Melee: Unarmed           |    74 |    89 |   230 |   590 |   204 ||  1187
         Giant club        |       |       |       |       |     2 ||     2
  Throw: Dart              |       |       |     4 |     2 |     1 ||     7
         Throwing net      |       |       |     1 |     2 |       ||     3
         Large rock        |       |       |       |       |    11 ||    11
         Javelin           |       |       |       |       |     9 ||     9
 Invoke: Minor Destruction |       |       |       |     1 |       ||     1
         Lesser Servant of |       |       |       |     1 |     2 ||     3
         Major Destruction |       |       |       |     1 |       ||     1
  Evoke: Wand              |       |       |       |    11 |     9 ||    20
    Use: Scroll            |       |       |    13 |    25 |     5 ||    43
         Potion            |       |       |       |     7 |     7 ||    14
   Stab: Held in net/web   |       |       |       |     2 |       ||     2
 Armour: Robe              |    16 |    13 |    33 |    21 |       ||    83
         Troll leather arm |       |       |       |   122 |    63 ||   185
  Dodge: Dodged            |    41 |    72 |   183 |   456 |    92 ||   844
  Block: Kite shield       |    29 |    22 |    91 |   334 |   119 ||   595

Table legend: (Time is in decaauts)
 A = Elapsed time spent in this place.
 B = Non-inter-level travel time spent in this place.
 C = Inter-level travel time spent in this place.
 D = Time resting spent in this place.
 E = Time spent auto-exploring this place.
 F = Levels seen in this place.
 G = Mean time per level.
                   A        B        C        D        E       F      G
               +--------+--------+--------+--------+--------+-----+--------+
         Total |  12767 |  11949 |    818 |   1329 |   8297 |  16 |  797.9 |
       Dungeon |  11936 |  11195 |    741 |   1329 |   7738 |  14 |  852.6 |
        Temple |    181 |    104 |     77 |      0 |     95 |   1 |  181.0 |
      Gauntlet |    649 |    649 |      0 |      0 |    463 |   1 |  649.0 |
               +--------+--------+--------+--------+--------+-----+--------+

Top non-repeatable levels by time:
    D:12: 1814 daAuts
     D:8: 1307 daAuts
     D:9: 1217 daAuts
    D:11: 1145 daAuts
     D:6: 823 daAuts
     D:3: 791 daAuts
    D:13: 700 daAuts
     D:4: 688 daAuts
    D:10: 657 daAuts
     D:1: 656 daAuts
Gauntlet: 649 daAuts
    D:14: 643 daAuts
     D:5: 639 daAuts
     D:2: 562 daAuts
     D:7: 289 daAuts
